 Dungeon Crawl Stone Soup version 0.31-a0-705-ga145531891 (webtiles) character file.

Game seed: 14880800898887404381

98 arthad the Chopper (level 4, 0/24 HPs)
             Began as a Vine Stalker Berserker on Sept 9, 2023.
             Was a Believer of Trog.
             Slain by a gnoll
             ... wielding a +0 spear
              (3 damage)
             ... on level 3 of the Dungeon.
             The game lasted 00:02:27 (2217 turns).

arthad the Chopper (Vine Stalker Berserker)         Turns: 2217, Time: 00:02:28

Health: 0/24       AC:  4    Str: 21    XL:     4   Next: 71%
Magic:  0/5        EV: 12    Int: 13    God:    Trog [**....]
Gold:   200        SH:  0    Dex: 14    Spells: 3/3 levels left

rFire   . . .        a - +0 hand axe
rCold   . . .        (no shield)
rNeg    + . .        b - +0 animal skin
rPois   .            c - +0 helmet
rElec   .            (no cloak)
rCorr   .            e - +0 pair of gloves
SInv    .            (no boots)
Will    ++...        (no amulet)
Stlth   +            g - +6 ring of intelligence
HPRegen 2.04/turn    l - ring of positive energy
MPRegen 0.09/turn

%: guardian spirit
@: strong-willed (expiring), on berserk cooldown, regenerating (expiring),
slowed, very slow
A: fangs 2, regeneration 1, magic shield, antimagic bite, no potion heal 2
a: Renounce Religion, Berserk, Trog's Hand


You were on level 3 of the Dungeon.
You worshipped Trog.
Trog was pleased with you.
You visited 1 branch of the dungeon, and saw 3 of its levels.

You collected 200 gold pieces.

Inventory:

Hand Weapons
 a - a +0 hand axe (weapon)
Armour
 b - a +0 animal skin (worn)
 c - a +0 helmet (worn)
 e - a +0 pair of gloves (worn)
Jewellery
 g - a +6 ring of intelligence (left hand)
 l - a ring of positive energy (right hand)
Scrolls
 h - 6 scrolls of identify {unknown}
 i - a scroll of enchant armour {unknown}
 j - 3 scrolls of noise {unknown}
Potions
 d - a potion of curing {unknown}
 f - a potion of lignification {unknown}
 k - a potion of ambrosia {unknown}
 m - a potion of haste {unknown}
 n - 2 potions of attraction {unknown}
 o - a potion of enlightenment {unknown}
 p - a potion of heal wounds {unknown}
 q - 3 potions of might {unknown}


   Skills:
 * Level 3.4 Fighting
 * Level 3.4 Axes
 + Level 2.1 Armour
 + Level 2.2 Dodging


You had 3 spell levels left.
You didn't know any spells.
Your spell library was empty.

Dungeon Overview and Level Annotations

Branches:
Dungeon (3/15)

Altars:
Gozag

Shops:
D:3 *


Innate Abilities, Weirdness & Mutations

You have extremely sharp teeth.
Your natural rate of healing is unusually fast.
When hurt, damage is shared between your health and your magic reserves.
Your bite disrupts and absorbs the magic of your enemies.
Potions cannot restore your health.


Message History

The gnoll is almost dead.
You hit the kobold but do no damage. You slash the gnoll!
You kill the gnoll!
Trog accepts your kill.
You slash the kobold!
You kill the kobold!
Trog accepts your kill. The gnoll closely misses you.
Things that are here:
a +0 whip; 6 poisoned darts You barely miss the gnoll.
The gnoll hits you from afar with a +0 spear.
You closely miss the gnoll. You bite the gnoll. You drain its power.
The gnoll is lightly wounded.
The gnoll misses you. The gnoll barely misses you.
You slash the gnoll! Your bite misses the gnoll.
The gnoll is almost dead.
You hit the gnoll.
You are no longer berserk.
You are exhausted.
You feel yourself slow down.
You closely miss the gnoll. Your bite misses the gnoll.
The gnoll is almost dead.
You hit the gnoll but do no damage.
You feel the effects of Trog's Hand fading.
The gnoll completely misses you. The gnoll hits you with a +0 flail!
The gnoll barely misses you. The gnoll misses you.
The gnoll hits you but does no damage. x2
You barely miss the gnoll.
The gnoll is almost dead.
You hit the gnoll. The gnoll hits you with a +0 spear.
The gnoll hits you with a +0 flail.
The gnoll hits you from afar with a +0 spear!
* * * LOW HITPOINT WARNING * * *
The gnoll hits you with a +0 spear.
* * * LOW HITPOINT WARNING * * *
The gnoll closely misses you.
The gnoll hits you from afar with a +0 spear.
You die...

#.#..#.....
.............#.#..#.....
.............#.#.†#.....
............#.#..#.....
#.....#....+.#..#.....
###.....#....##...###+#.
........#....##...∩...#.
.#.....g#....##.........
.....gg@'...............
#.#.######....###.#######
+...# #....# .... #...#
#....##.<### ..
#...############.## ##
... #........# #. ..#
....#.#....#.# ## #.#
....#.#.#....#########
#.#
.....................#
#.#


You could see 3 gnolls.

Vanquished Creatures
  A gnoll (D:3)
  4 adders (D:2)
  A dart slug (D:1)
  5 endoplasms
  2 giant cockroaches
  9 goblins
  3 hobgoblins
  2 jackals (D:1)
  4 quokkas
  3 ball pythons
  3 bats
  2 frilled lizards
  5 kobolds
  4 rats
  A spectral hobgoblin (D:1)
49 creatures vanquished.

Notes
Turn   | Place    | Note
-------+----------+-------------------------------------------
     0 | D:1      | arthad the Vine Stalker Berserker began the quest for the
                  | Orb.
     0 | D:1      | Reached XP level 1. HP: 11/11 MP: 2/2
   253 | D:1      | Reached XP level 2. HP: 12/16 MP: 3/3
   360 | D:1      | Found a faded altar of an unknown god.
   731 | D:1      | Reached XP level 3. HP: 20/20 MP: 2/4
  1312 | D:2      | Reached ** piety under Trog
  1346 | D:2      | Found an opulent altar of Gozag.
  1358 | D:2      | Reached XP level 4. HP: 24/24 MP: 5/5
  2184 | D:3      | Found Nixohoet's General Store.
  2217 | D:3      | Slain by a gnoll

Illustrated notes

Levels and vault maps discovered:
D:1:      zaba_arrival_water, layout_basic,
          dreamdust_ecumenical_altar_drowned_temple,
          amcnicky_mini_rare_corridor_liquid
D:2:      layout_basic, basic_altar
D:3:      layout_basic, serial_shops, shop

Skill      XL: |  1  2  3 |
---------------+----------+-----
Fighting       | 3 |  3.4
Axes           | 3 |  3.4
Dodging        | 2 |  2.2
Armour         | 2 |  2.1

Action                     |  1- 3 |  4- 6 || total
---------------------------+-------+-------++-------
  Melee: Hand axe          |   106 |    49 ||   155
         Bite              |    20 |    14 ||    34
         Punch             |     1 |     1 ||     2
 Invoke: Berserk           |       |     1 ||     1
         Trog's Hand       |       |     1 ||     1
   Stab: Sleeping          |     2 |     2 ||     4
 Armour: Animal skin       |    58 |    28 ||    86
  Dodge: Dodged            |    71 |    33 ||   104

Table legend: (Time is in decaauts)
 A = Elapsed time spent in this place.
 B = Non-inter-level travel time spent in this place.
 C = Inter-level travel time spent in this place.
 D = Time resting spent in this place.
 E = Time spent auto-exploring this place.
 F = Levels seen in this place.
 G = Mean time per level.
                   A        B        C        D        E       F      G
               +--------+--------+--------+--------+--------+-----+--------+
         Total |   2249 |   2166 |     83 |      0 |   1810 |   3 |  749.7 |
       Dungeon |   2249 |   2166 |     83 |      0 |   1810 |   3 |  749.7 |
               +--------+--------+--------+--------+--------+-----+--------+

Top non-repeatable levels by time:
     D:1: 1010 daAuts
     D:2: 887 daAuts
     D:3: 351 daAuts
